Carnivores vs Coutelas (R1)

Created - October 29, 2020 at 19:00

Goals
1 2 3 T
Carnivores 0 1 1 2
Coutelas 2 0 1 3
Shots
1 2 3 T
Carnivores 12 6 12 30
Coutelas 6 6 19 31

1st period

1. Coutelas , Mike Amadio 1 (Oliver Bjorkstrand 2, Mike Reilly 2) at 14:43
2. Coutelas , Tanner Richard 2 (Teemu Pulkkinen 3, Dustin Kohn 2) at 16:17 (SH)

Penalties :
Nick Mattson (MDÉ) for Hooking (Minor) at 6:30, Stefan Ruzicka (MDÉ) for Interference (Minor) at 15:05

2nd period

3. Carnivores , Scott Laughton 6 (Chris Lawrence 8) at 18:43

Penalties :
Ben Harpur (MDÉ) for Hooking (Minor) at 0:51, Andreas Englund (Bre) for Roughing (Minor) at 4:04, Markus Granlund (Bre) for Slashing (Minor) at 10:28, Mikhail Grigorenko (MDÉ) for Elbowing (Minor) at 15:18, Chris Lawrence (Bre) for Slashing (Double Minor) at 18:56

3rd period

4. Coutelas , Craig Cunningham 3 (Stefan Ruzicka 3, Nick Mattson 4) at 14:15
5. Carnivores , Scott Laughton 7 (Chris Lawrence 9, Blake Geoffrion 4) at 15:59 (PP)

Penalties :
Teemu Pulkkinen (MDÉ) for Cross-checking (Minor) at 6:01, Nick Mattson (MDÉ) for High sticking (Minor) at 15:50

Goalie Stats

Niklas Svedberg (Bre), 28 saves from 31 shots - (0.903), L, 2-1-0, 59:20 minutes
Joe Cannata (MDÉ), 28 saves from 30 shots - (0.933), W, 2-2-0, 60:00 minutes

Players Stats for Carnivores

Player Name              G  A  P  +/- PIM S  H  SB GA TA FO     MP     PP MP  PK MP  
------------------------------------------------------------------------------------
Andreas Englund          0  0  0   0  2   1  1  1  0  0  0/0    18:51   0:00   2:16 
Anton Gustafsson         0  0  0  -1  0   1  3  0  0  0  9/14   17:51   4:00   3:54 
Blake Geoffrion          0  1  1  -2  0   4  0  0  0  0  0/1    17:10   6:03   0:00 
Brett Connolly           0  0  0   0  0   0  0  0  0  0  0/2     1:39   0:01   0:00 
Chris Lawrence           0  2  2  -1  4   2  2  0  1  0  2/3    20:02   6:03   0:00 
Christian Djoos          0  0  0   0  0   0  0  0  0  1  0/0     5:50   0:00   0:32 
Hunter Shinkaruk         0  0  0   0  0   2  0  0  0  0  0/0     8:08   0:00   0:36 
Joel Armia               0  0  0  -1  0   1  1  0  1  0  0/0    14:20   4:00   0:00 
Josh Morrissey           0  0  0  -1  0   2  2  0  2  0  0/0    28:55   6:17   4:25 
Lucas Wallmark           0  0  0   0  0   0  0  0  0  0  2/2     8:45   0:00   1:44 
Mark McNeill             0  0  0   0  0   1  1  0  0  0  0/1     9:12   0:01   0:00 
Markus Granlund          0  0  0   0  2   1  2  0  0  0  5/9    11:20   0:00   1:33 
Mat Clark                0  0  0  -1  0   2  1  2  0  1  0/0    18:36   6:17   4:25 
Mattias Backman          0  0  0   0  0   2  0  0  0  0  0/0     7:03   0:00   0:44 
Nicolas Deslauriers      0  0  0   0  0   3  0  0  0  1  0/0    12:46   0:00   3:26 
Nicolas Kerdiles         0  0  0   0  0   1  2  0  1  0  1/1    21:36   4:00   3:55 
Riley Barber             0  0  0   0  0   1  0  0  0  1  0/0     7:21   0:01   0:00 
Scott Laughton           2  0  2  -1  0   5  4  1  1  0  20/36  21:20   6:03   0:46 
T.J Brodie               0  0  0  -1  0   0  0  2  0  0  0/0    20:01   3:47   3:32 
Travis Dermott           0  0  0  -1  0   1  0  1  0  1  0/0    15:56   3:47   0:00 
Trevor Van Riemsdyk      0  0  0   0  0   0  0  0  0  0  0/0     5:18   0:00   0:00 

Players Stats for Coutelas

Player Name              G  A  P  +/- PIM S  H  SB GA TA FO     MP     PP MP  PK MP  
------------------------------------------------------------------------------------
Ben Harpur               0  0  0   0  2   0  1  3  0  1  0/0    27:25   4:12   4:29 
Brendan Lemieux          0  0  0   1  0   1  2  1  0  0  1/1    11:09   1:01   0:00 
Craig Cunningham         1  0  1   0  0   5  1  0  1  1  1/5    24:00   4:02   6:21 
Dustin Kohn              0  1  1   0  0   1  1  2  0  1  0/0    29:19   4:12   6:09 
Julius Honka             0  0  0   0  0   0  0  0  0  0  0/0    10:15   0:29   1:23 
Juraj Mikus              0  0  0   0  0   4  2  0  0  0  5/12   13:53   3:16   0:00 
Kurtis Gabriel           0  0  0   0  0   0  0  0  0  1  0/0     7:02   0:14   0:00 
Mattias Janmark          0  0  0   0  0   4  1  0  0  0  0/0     7:22   0:08   0:22 
Mike Amadio              1  0  1   1  0   1  1  0  0  0  5/11   12:32   0:00   2:30 
Mike Reilly              0  1  1   2  0   1  1  0  1  0  0/0    22:42   3:16   4:23 
Mikhail Grigorenko       0  0  0   0  2   1  0  0  0  0  1/5     8:11   0:01   0:31 
Nick Mattson             0  1  1   2  4   3  2  2  0  0  0/0    22:06   3:16   3:44 
Oliver Bjorkstrand       0  1  1   1  0   1  0  0  1  0  0/1    10:42   0:50   0:00 
Patrick Sieloff          0  0  0   0  0   0  0  1  0  1  0/0     8:57   0:29   0:00 
Rhett Rakhshani          0  0  0   0  0   2  2  0  0  0  0/0    13:53   3:16   0:00 
Stefan Ruzicka           0  1  1   0  2   2  2  0  1  0  3/9    22:49   4:01   4:48 
Tanner Richard           1  0  1   1  0   3  2  0  1  1  13/24  20:12   3:50   2:57 
Teemu Pulkkinen          0  1  1   1  2   2  2  0  0  0  1/1    17:21   3:12   2:39 

3 Stars

1 - Scott Laughton (Bre)
2 - Tanner Richard (MDÉ)
3 - Mike Amadio (MDÉ)

Power Play

Carnivores - 1 on 6 Attempt(s) - 16.67%
Coutelas - 0 on 4 Attempt(s) - 0.00%

Penalty Kill

Carnivores - 4 on 4 Attempt(s) - 100.00% - Score 0 goal in Penalty Kill
Coutelas - 5 on 6 Attempt(s) - 83.33% - Score 1 goal in Penalty Kill

Team Stat

Carnivores - Hits : 19 - Faceoff Wins : 39 - Blocked Shots : 7 - Penalty Minutes : 8
Coutelas - Hits : 20 - Faceoff Wins : 30 - Blocked Shots : 9 - Penalty Minutes : 12

Official

Referees : Unknown
Linesman : Unknown

Game Notes

No Game Note

Finance

Level 1 -- Attendance: 1464 (73.20%) -- Ticket Income $58,560
Level 2 -- Attendance: 683 (68.30%) -- Ticket Income $13,660
Total Attendance: 2147 (71.57%)
Total Ticket Income: $72,220
Other Income: $3,611
Total Income: $75,831

Carnivores

5 vs 5 Forward 
   Center                   Left Wing                Right Wing               Time % Phy DF OF 
 1 Scott Laughton           Nicolas Kerdiles         Chris Lawrence           40     1   2  2  
 2 Anton Gustafsson         Blake Geoffrion          Joel Armia               30     1   2  2  
 3 Markus Granlund          Nicolas Deslauriers      Mark McNeill             20     1   2  2  
 4 Lucas Wallmark           Hunter Shinkaruk         Riley Barber             10     1   2  2  

5 vs 5 Defense 
   Defense                  Defense                                           Time % Phy DF OF 
 1 Andreas Englund          Josh Morrissey                                    40     1   2  2  
 2 T.J Brodie               Travis Dermott                                    30     1   2  2  
 3 Mat Clark                Mattias Backman                                   20     1   2  2  
 4 Christian Djoos          Trevor Van Riemsdyk                               10     1   2  2  

PowerPlay Forward 
   Center                   Left Wing                Right Wing               Time % Phy DF OF 
 1 Scott Laughton           Blake Geoffrion          Chris Lawrence           60     1   1  3  
 2 Anton Gustafsson         Nicolas Kerdiles         Joel Armia               40     1   2  2  

PowerPlay Defense
   Defense                  Defense                                           Time % Phy DF OF 
 1 Mat Clark                Josh Morrissey                                    60     1   2  2  
 2 T.J Brodie               Travis Dermott                                    40     1   1  3  

Penalty Kill 4 Players Forward 
   Center                   Wing                     Time % Phy DF OF 
 1 Anton Gustafsson         Nicolas Kerdiles         60     1   2  2  
 2 Markus Granlund          Nicolas Deslauriers      40     1   2  2  

Penalty Kill 4 Players Defense
   Defense                  Defense                  Time % Phy DF OF 
 1 Mat Clark                Josh Morrissey           60     1   3  1  
 2 Andreas Englund          T.J Brodie               40     1   3  1  

Penalty Kill - 3 Players Forward 
   Forward                                           Time % Phy DF OF 
 1 Anton Gustafsson                                  60     1   3  1  
 2 Mark McNeill                                      40     1   3  1  

Penalty Kill - 3 Players Defense
   Defense                  Defense                  Time % Phy DF OF 
 1 Mat Clark                Josh Morrissey           60     1   3  1  
 2 Andreas Englund          T.J Brodie               40     1   3  1  

4 vs 4 Forward 
   Center                   Wing                     Time % Phy DF OF 
 1 Scott Laughton           Blake Geoffrion          60     1   2  2  
 2 Anton Gustafsson         Chris Lawrence           40     1   2  2  

4 vs 4 Defense
   Defense                  Defense                  Time % Phy DF OF 
 1 Mat Clark                Josh Morrissey           60     1   2  2  
 2 T.J Brodie               Travis Dermott           40     1   2  2  

Last Minutes Offensive
   Center                   Left Wing                Right Wing               Defense                  Defense                  
   Scott Laughton           Blake Geoffrion          Chris Lawrence           Mat Clark                Josh Morrissey           

Last Minutes Defensive
   Center                   Left Wing                Right Wing               Defense                  Defense                  
   Markus Granlund          Nicolas Kerdiles         Mark McNeill             Josh Morrissey           Travis Dermott           

Goaltenders
Starting : Niklas Svedberg          
Backup : Tristan Jarry            

Extra Forwards
Normal : Brett Connolly, Markus Granlund, Mark McNeill - PP : Brett Connolly, Riley Barber - PK : Lucas Wallmark
Extra Defensemen
Normal : Travis Dermott, Mattias Backman, Trevor Van Riemsdyk - PP : Mattias Backman - PK : Christian Djoos, Mattias Backman
Penalty Shots
Joel Armia, Anton Gustafsson, Blake Geoffrion, Chris Lawrence, Scott Laughton

Scratches
Ryan Olsen (Healthy), Freddie Hamilton (Healthy), Adam Almquist (Healthy), Sergei Zborovskiy (Healthy), Filip Chlapik (Healthy)
Stanislav Galiev (Healthy), Mark MacMillan (Healthy), Carl Dahlstrom (Healthy), Troy Bourke (Healthy), Alexandre Mallet (Healthy)
Josh Wesley (Healthy), Linus Ullmark (Healthy), Felix Sanstrom (Healthy)

Coutelas

5 vs 5 Forward 
   Center                   Left Wing                Right Wing               Time % Phy DF OF 
 1 Tanner Richard           Craig Cunningham         Stefan Ruzicka           40     1   2  2  
 2 Juraj Mikus              Teemu Pulkkinen          Rhett Rakhshani          30     1   2  2  
 3 Mike Amadio              Brendan Lemieux          Oliver Bjorkstrand       20     1   2  2  
 4 Mikhail Grigorenko       Mattias Janmark          Kurtis Gabriel           10     1   2  2  

5 vs 5 Defense 
   Defense                  Defense                                           Time % Phy DF OF 
 1 Dustin Kohn              Ben Harpur                                        40     1   2  2  
 2 Nick Mattson             Mike Reilly                                       30     1   2  2  
 3 Patrick Sieloff          Julius Honka                                      20     1   2  2  
 4 Dustin Kohn              Ben Harpur                                        10     1   2  2  

PowerPlay Forward 
   Center                   Left Wing                Right Wing               Time % Phy DF OF 
 1 Tanner Richard           Craig Cunningham         Stefan Ruzicka           60     1   2  2  
 2 Juraj Mikus              Teemu Pulkkinen          Rhett Rakhshani          40     1   2  2  

PowerPlay Defense
   Defense                  Defense                                           Time % Phy DF OF 
 1 Dustin Kohn              Ben Harpur                                        60     1   2  2  
 2 Nick Mattson             Mike Reilly                                       40     1   2  2  

Penalty Kill 4 Players Forward 
   Center                   Wing                     Time % Phy DF OF 
 1 Stefan Ruzicka           Craig Cunningham         60     1   2  2  
 2 Tanner Richard           Teemu Pulkkinen          40     1   2  2  

Penalty Kill 4 Players Defense
   Defense                  Defense                  Time % Phy DF OF 
 1 Dustin Kohn              Ben Harpur               60     1   2  2  
 2 Nick Mattson             Mike Reilly              40     1   2  2  

Penalty Kill - 3 Players Forward 
   Forward                                           Time % Phy DF OF 
 1 Stefan Ruzicka                                    60     1   2  2  
 2 Craig Cunningham                                  40     1   2  2  

Penalty Kill - 3 Players Defense
   Defense                  Defense                  Time % Phy DF OF 
 1 Dustin Kohn              Ben Harpur               60     1   2  2  
 2 Nick Mattson             Mike Reilly              40     1   2  2  

4 vs 4 Forward 
   Center                   Wing                     Time % Phy DF OF 
 1 Stefan Ruzicka           Craig Cunningham         60     1   2  2  
 2 Tanner Richard           Teemu Pulkkinen          40     1   2  2  

4 vs 4 Defense
   Defense                  Defense                  Time % Phy DF OF 
 1 Dustin Kohn              Ben Harpur               60     1   2  2  
 2 Nick Mattson             Mike Reilly              40     1   2  2  

Last Minutes Offensive
   Center                   Left Wing                Right Wing               Defense                  Defense                  
   Tanner Richard           Craig Cunningham         Stefan Ruzicka           Dustin Kohn              Ben Harpur               

Last Minutes Defensive
   Center                   Left Wing                Right Wing               Defense                  Defense                  
   Tanner Richard           Craig Cunningham         Stefan Ruzicka           Dustin Kohn              Ben Harpur               

Goaltenders
Starting : Joe Cannata              
Backup : Ilya Samsonov            

Extra Forwards
Normal : Brendan Lemieux, Oliver Bjorkstrand, Mike Amadio - PP : Brendan Lemieux, Oliver Bjorkstrand - PK : Mike Amadio
Extra Defensemen
Normal : Patrick Sieloff, Julius Honka, Nick Mattson - PP : Patrick Sieloff - PK : Julius Honka, Nick Mattson
Penalty Shots
Stefan Ruzicka, Craig Cunningham, Tanner Richard, Teemu Pulkkinen, Juraj Mikus

Scratches
Colin White (Healthy), Ross Johnston (Healthy), Patrick Russell (Healthy), Myles Bell (Healthy), Zach Whitecloud (Healthy)
Nick Paul (Healthy), Duncan Siemens (Healthy), Calle Andersson (Healthy), Clark Bishop (Healthy), Nikita Scherbak (Healthy)
JJ. Piccinich (Healthy), Michael Giugovaz (Healthy)

% Time on Ice - Carnivores

Lines # - Real PCT - Wanted PCT - Time Play
Normal Forward
1 - 36% - 40% - 14:50
2 - 25% - 30% - 10:20
3 - 22% - 20% - 8:52
4 - 17% - 10% - 7:01
Normal Defense
1 - 42% - 40% - 17:17
2 - 31% - 30% - 12:42
3 - 14% - 20% - 5:46
4 - 13% - 10% - 5:18
PP Forward
1 - 60% - 60% - 6:04
2 - 40% - 40% - 4:00
PP Defense
1 - 62% - 60% - 6:17
2 - 38% - 40% - 3:47
PK Forward
1 - 76% - 60% - 6:01
2 - 24% - 40% - 1:56
PK Defense
1 - 56% - 60% - 4:25
2 - 44% - 40% - 3:32
PK3 Forward
1 - 0% - 60%
2 - 0% - 40%
PK3 Defense
1 - 0% - 60%
2 - 0% - 40%
44 Forward
1 - 0% - 60%
2 - 0% - 40%
44 Defense
1 - 0% - 60%
2 - 0% - 40%
Last Minute Offensive  - 0:56
Last Minute Defensive  - 0:00
Total
Forward - 60:00
Defense - 60:00

% Time on Ice - Coutelas

Lines # - Real PCT - Wanted PCT - Time Play
Normal Forward
1 - 36% - 40% - 14:56
2 - 26% - 30% - 10:39
3 - 21% - 20% - 8:42
4 - 16% - 10% - 6:46
Normal Defense
1 - 43% - 40% - 17:41
2 - 37% - 30% - 15:03
3 - 19% - 20% - 7:56
4 - 1% - 10% - 0:23
PP Forward
1 - 57% - 60% - 4:33
2 - 43% - 40% - 3:24
PP Defense
1 - 59% - 60% - 4:41
2 - 41% - 40% - 3:16
PK Forward
1 - 71% - 60% - 7:07
2 - 29% - 40% - 2:57
PK Defense
1 - 56% - 60% - 5:41
2 - 44% - 40% - 4:23
PK3 Forward
1 - 0% - 60%
2 - 0% - 40%
PK3 Defense
1 - 0% - 60%
2 - 0% - 40%
44 Forward
1 - 0% - 60%
2 - 0% - 40%
44 Defense
1 - 0% - 60%
2 - 0% - 40%
Last Minute Offensive  - 0:00
Last Minute Defensive  - 0:56
Total
Forward - 60:00
Defense - 60:00

Play-by-Play

1st period


0:01 of 1st period - Scott Laughton wins face-off versus Tanner Richard in neutral zone.
0:39 of 1st period - Nick Mattson is hit by Andreas Englund and loses puck.
0:50 of 1st period - Andreas Englund is hit by Teemu Pulkkinen and loses puck.
1:05 of 1st period - Wrist shot by Blake Geoffrion.
1:05 of 1st period - Shot Misses the Net.
1:15 of 1st period - Joel Armia is hit by Juraj Mikus and loses puck.
1:54 of 1st period - Snap shot by Teemu Pulkkinen.
1:54 of 1st period - Shot Misses the Net.
2:18 of 1st period - Snap shot by Joel Armia.
2:18 of 1st period - Deflect By Anton Gustafsson.
2:18 of 1st period - Stopped by Joe Cannata with a rebound.
2:20 of 1st period - Wrist shot by Anton Gustafsson.
2:20 of 1st period - Shot Misses the Net.
2:22 of 1st period - Slapshot by Josh Morrissey.
2:22 of 1st period - Deflect By Blake Geoffrion.
2:22 of 1st period - Shot Blocked by Nick Mattson.
2:22 of 1st period - Puck is out of play.
2:23 of 1st period - Tanner Richard wins face-off versus Scott Laughton in Coutelas zone.
2:34 of 1st period - Slapshot by Stefan Ruzicka.
2:34 of 1st period - Shot Blocked by Scott Laughton.
3:29 of 1st period - Snap shot by Stefan Ruzicka.
3:29 of 1st period - Shot Misses the Net.
3:31 of 1st period - Snap shot by Craig Cunningham.
3:31 of 1st period - Stopped by Niklas Svedberg with a rebound.
3:33 of 1st period - Slapshot by Dustin Kohn.
3:33 of 1st period - Shot Misses the Net.
3:55 of 1st period - Slapshot by Nicolas Deslauriers.
3:55 of 1st period - Shot Misses the Net.
4:29 of 1st period - Mike Amadio is hit by Scott Laughton and loses puck.
5:57 of 1st period - Icing by Mikhail Grigorenko.
5:58 of 1st period - Lucas Wallmark wins face-off versus Tanner Richard in Coutelas zone.
6:30 of 1st period - Minor Penalty to Nick Mattson for Hooking.
6:31 of 1st period - Scott Laughton wins face-off versus Craig Cunningham in Coutelas zone.
6:46 of 1st period - Wrist shot by Chris Lawrence.
6:46 of 1st period - Shot Misses the Net.
6:56 of 1st period - Stefan Ruzicka is hit by Anton Gustafsson and loses puck.
7:01 of 1st period - Wrist shot by Joel Armia.
7:01 of 1st period - Stopped by Joe Cannata with a rebound.
7:03 of 1st period - Slapshot by T.J Brodie.
7:03 of 1st period - Shot Blocked by Dustin Kohn.
8:10 of 1st period - Mike Reilly is hit by Scott Laughton and loses puck.
8:30 of 1st period - Penalty to Nick Mattson is over, Nick Mattson is back on ice.
9:02 of 1st period - Snap shot by Riley Barber.
9:02 of 1st period - Stopped by Joe Cannata with a rebound.
9:04 of 1st period - Slapshot by Mat Clark.
9:04 of 1st period - Shot Misses the Net.
9:16 of 1st period - Mike Amadio is hit by Markus Granlund and loses puck.
9:23 of 1st period - Slapshot by Brendan Lemieux.
9:23 of 1st period - Shot Blocked by Mat Clark.
9:25 of 1st period - Slapshot by Mike Amadio.
9:25 of 1st period - Shot Misses the Net.
9:52 of 1st period - Slapshot by Mattias Janmark.
9:52 of 1st period - Shot Misses the Net.
10:03 of 1st period - Icing by Nicolas Kerdiles.
10:04 of 1st period - Tanner Richard wins face-off versus Scott Laughton in Carnivores zone.
10:40 of 1st period - Off-side.
10:41 of 1st period - Markus Granlund wins face-off versus Mikhail Grigorenko in neutral zone.
10:48 of 1st period - Snap shot by Mark McNeill.
10:48 of 1st period - Stopped by Joe Cannata without a rebound.
10:49 of 1st period - Scott Laughton wins face-off versus Tanner Richard in Coutelas zone.
10:50 of 1st period - Snap shot by Chris Lawrence.
10:50 of 1st period - Shot Misses the Net.
10:58 of 1st period - Snap shot by Nicolas Kerdiles.
10:58 of 1st period - Shot Blocked by Ben Harpur.
11:02 of 1st period - Slapshot by Nicolas Kerdiles.
11:02 of 1st period - Shot Misses the Net.
11:04 of 1st period - Slapshot by Travis Dermott.
11:04 of 1st period - Deflect By Nicolas Kerdiles.
11:04 of 1st period - Shot Misses the Net.
11:04 of 1st period - Puck is out of play.
11:05 of 1st period - Juraj Mikus wins face-off versus Anton Gustafsson in Coutelas zone.
11:11 of 1st period - Slapshot by Nick Mattson.
11:11 of 1st period - Stopped by Niklas Svedberg without a rebound.
11:12 of 1st period - Anton Gustafsson wins face-off versus Juraj Mikus in Carnivores zone.
12:06 of 1st period - Snap shot by Chris Lawrence.
12:06 of 1st period - Deflect By Nicolas Kerdiles.
12:06 of 1st period - Stopped by Joe Cannata with a rebound.
12:10 of 1st period - Slapshot by Scott Laughton.
12:10 of 1st period - Stopped by Joe Cannata without a rebound.
12:11 of 1st period - Anton Gustafsson wins face-off versus Juraj Mikus in Coutelas zone.
12:20 of 1st period - Snap shot by Blake Geoffrion.
12:20 of 1st period - Stopped by Joe Cannata without a rebound.
12:21 of 1st period - Juraj Mikus wins face-off versus Anton Gustafsson in Coutelas zone.
12:21 of 1st period - Juraj Mikus is hit by Josh Morrissey.
12:43 of 1st period - Snap shot by Anton Gustafsson.
12:43 of 1st period - Shot Misses the Net.
13:06 of 1st period - Off-side.
13:07 of 1st period - Tanner Richard wins face-off versus Scott Laughton in neutral zone.
13:29 of 1st period - Icing by Scott Laughton.
13:30 of 1st period - Scott Laughton wins face-off versus Mike Amadio in Carnivores zone.
13:37 of 1st period - Wrist shot by Nicolas Deslauriers.
13:37 of 1st period - Shot Misses the Net.
13:39 of 1st period - Snap shot by Nicolas Deslauriers.
13:39 of 1st period - Shot Misses the Net.
13:41 of 1st period - Slapshot by Mattias Backman.
13:41 of 1st period - Stopped by Joe Cannata with a rebound.
13:43 of 1st period - Snap shot by Nicolas Deslauriers.
13:43 of 1st period - Stopped by Joe Cannata without a rebound.
13:44 of 1st period - Tanner Richard wins face-off versus Scott Laughton in Coutelas zone.
13:44 of 1st period - Tanner Richard is hit by Chris Lawrence.
14:12 of 1st period - Teemu Pulkkinen is hit by Markus Granlund.
14:16 of 1st period - Slapshot by Markus Granlund.
14:16 of 1st period - Deflect By Nicolas Deslauriers.
14:16 of 1st period - Shot Blocked by Dustin Kohn.
14:16 of 1st period - Puck is out of play.
14:17 of 1st period - Mike Amadio wins face-off versus Markus Granlund in Coutelas zone.
14:25 of 1st period - Off-side.
14:26 of 1st period - Scott Laughton wins face-off versus Mike Amadio in neutral zone.
14:35 of 1st period - Wrist shot by Nicolas Kerdiles.
14:35 of 1st period - Shot Blocked by Nick Mattson.
14:41 of 1st period - Slapshot by Oliver Bjorkstrand.
14:41 of 1st period - Shot Misses the Net.
14:43 of 1st period - Backhand shot by Mike Amadio.
14:43 of 1st period - Goal by Mike Amadio - Carnivores : 0 - Coutelas : 1.
14:44 of 1st period - Scott Laughton wins face-off versus Tanner Richard in neutral zone.
14:44 of 1st period - Scott Laughton is hit by Stefan Ruzicka.
14:48 of 1st period - Tanner Richard is hit by Scott Laughton and loses puck.
15:05 of 1st period - Minor Penalty to Stefan Ruzicka for Interference.
15:06 of 1st period - Mike Amadio wins face-off versus Scott Laughton in Coutelas zone.
15:14 of 1st period - Icing by Chris Lawrence.
15:15 of 1st period - Scott Laughton wins face-off versus Mike Amadio in Carnivores zone.
15:28 of 1st period - Craig Cunningham is hit by Scott Laughton and loses puck.
15:35 of 1st period - Wrist shot by Blake Geoffrion.
15:35 of 1st period - Stopped by Joe Cannata with a rebound.
15:39 of 1st period - Wrist shot by Blake Geoffrion.
15:39 of 1st period - Stopped by Joe Cannata with a rebound.
15:51 of 1st period - Snap shot by Chris Lawrence.
15:51 of 1st period - Stopped by Joe Cannata without a rebound.
15:52 of 1st period - Anton Gustafsson wins face-off versus Craig Cunningham in Coutelas zone.
16:07 of 1st period - Backhand shot by Nicolas Kerdiles.
16:07 of 1st period - Deflect By Joel Armia.
16:07 of 1st period - Shot Misses the Net.
16:07 of 1st period - Puck is out of play.
16:08 of 1st period - Tanner Richard wins face-off versus Scott Laughton in Coutelas zone.
16:17 of 1st period - Snap shot by Tanner Richard.
16:17 of 1st period - Goal by Tanner Richard - Carnivores : 0 - Coutelas : 2.
16:18 of 1st period - Scott Laughton wins face-off versus Mike Amadio in neutral zone.
16:48 of 1st period - Anton Gustafsson is hit by Dustin Kohn and loses puck.
17:05 of 1st period - Penalty to Stefan Ruzicka is over, Stefan Ruzicka is back on ice.
17:16 of 1st period - Off-side.
17:17 of 1st period - Markus Granlund wins face-off versus Mikhail Grigorenko in neutral zone.
17:42 of 1st period - Teemu Pulkkinen is hit by Anton Gustafsson and loses puck.
18:11 of 1st period - Nicolas Kerdiles is hit by Tanner Richard and loses puck.
18:32 of 1st period - Wrist shot by Oliver Bjorkstrand.
18:32 of 1st period - Stopped by Niklas Svedberg with a rebound.
18:34 of 1st period - Snap shot by Nick Mattson.
18:34 of 1st period - Deflect By Riley Barber.
18:34 of 1st period - Stopped by Niklas Svedberg without a rebound.
18:35 of 1st period - Anton Gustafsson wins face-off versus Juraj Mikus in Carnivores zone.
19:44 of 1st period - Travis Dermott is hit by Mattias Janmark and loses puck.
Goals for this period are 0 for Carnivores vs 2 for Coutelas.
Shots for this period are 12 for Carnivores vs 6 for Coutelas.

2nd period


0:01 of 2nd period - Scott Laughton wins face-off versus Tanner Richard in neutral zone.
0:51 of 2nd period - Minor Penalty to Ben Harpur for Hooking.
0:52 of 2nd period - Scott Laughton wins face-off versus Stefan Ruzicka in Coutelas zone.
1:01 of 2nd period - Off-side.
1:02 of 2nd period - Stefan Ruzicka wins face-off versus Scott Laughton in neutral zone.
2:22 of 2nd period - Craig Cunningham is hit by Anton Gustafsson.
2:51 of 2nd period - Penalty to Ben Harpur is over, Ben Harpur is back on ice.
3:00 of 2nd period - Snap shot by Mike Reilly.
3:00 of 2nd period - Stopped by Niklas Svedberg with a rebound.
3:27 of 2nd period - Wrist shot by Mattias Janmark.
3:27 of 2nd period - Stopped by Niklas Svedberg with a rebound.
3:29 of 2nd period - Slapshot by Patrick Sieloff.
3:29 of 2nd period - Deflect By Mattias Janmark.
3:29 of 2nd period - Stopped by Niklas Svedberg without a rebound.
3:30 of 2nd period - Markus Granlund wins face-off versus Mikhail Grigorenko in Carnivores zone.
3:39 of 2nd period - Snap shot by Mark McNeill.
3:39 of 2nd period - Shot Misses the Net.
3:58 of 2nd period - Dustin Kohn is hit by Nicolas Kerdiles and loses puck.
4:04 of 2nd period - Minor Penalty to Andreas Englund for Roughing.
4:05 of 2nd period - Anton Gustafsson wins face-off versus Tanner Richard in Carnivores zone.
4:21 of 2nd period - Wrist shot by Stefan Ruzicka.
4:21 of 2nd period - Shot Misses the Net.
4:39 of 2nd period - Anton Gustafsson is hit by Ben Harpur.
4:43 of 2nd period - Mat Clark is hit by Teemu Pulkkinen and loses puck.
5:00 of 2nd period - T.J Brodie is hit by Stefan Ruzicka and loses puck.
5:39 of 2nd period - T.J Brodie is hit by Tanner Richard and loses puck.
6:04 of 2nd period - Penalty to Andreas Englund is over, Andreas Englund is back on ice.
6:08 of 2nd period - Snap shot by Scott Laughton.
6:08 of 2nd period - Shot Misses the Net.
7:20 of 2nd period - Wrist shot by Markus Granlund.
7:20 of 2nd period - Shot Misses the Net.
7:22 of 2nd period - Slapshot by Mark McNeill.
7:22 of 2nd period - Shot Misses the Net.
8:03 of 2nd period - Trevor Van Riemsdyk is hit by Brendan Lemieux and loses puck.
8:27 of 2nd period - Rhett Rakhshani is hit by Josh Morrissey and loses puck.
8:54 of 2nd period - Mat Clark is hit by Nick Mattson and loses puck.
9:34 of 2nd period - Andreas Englund is hit by Rhett Rakhshani and loses puck.
10:10 of 2nd period - Snap shot by Hunter Shinkaruk.
10:10 of 2nd period - Shot Misses the Net.
10:12 of 2nd period - Slapshot by Mat Clark.
10:12 of 2nd period - Stopped by Joe Cannata without a rebound.
10:13 of 2nd period - Tanner Richard wins face-off versus Markus Granlund in Coutelas zone.
10:26 of 2nd period - Snap shot by Tanner Richard.
10:26 of 2nd period - Stopped by Niklas Svedberg with a rebound.
10:28 of 2nd period - Minor Penalty to Markus Granlund for Slashing.
10:29 of 2nd period - Tanner Richard wins face-off versus Anton Gustafsson in Carnivores zone.
12:28 of 2nd period - Penalty to Markus Granlund is over, Markus Granlund is back on ice.
13:44 of 2nd period - Mike Reilly is hit by Mark McNeill and loses puck.
15:18 of 2nd period - Minor Penalty to Mikhail Grigorenko for Elbowing.
15:19 of 2nd period - Stefan Ruzicka wins face-off versus Scott Laughton in Coutelas zone.
15:30 of 2nd period - Wrist shot by Blake Geoffrion.
15:30 of 2nd period - Stopped by Joe Cannata without a rebound.
15:31 of 2nd period - Stefan Ruzicka wins face-off versus Scott Laughton in Coutelas zone.
16:09 of 2nd period - Wrist shot by Teemu Pulkkinen.
16:09 of 2nd period - Shot Blocked by Mat Clark.
16:11 of 2nd period - Slapshot by Nick Mattson.
16:11 of 2nd period - Stopped by Niklas Svedberg without a rebound.
16:12 of 2nd period - Scott Laughton wins face-off versus Stefan Ruzicka in Carnivores zone.
16:27 of 2nd period - Slapshot by T.J Brodie.
16:27 of 2nd period - Deflect By Scott Laughton.
16:27 of 2nd period - Shot Blocked by Ben Harpur.
16:27 of 2nd period - Puck is out of play.
16:28 of 2nd period - Anton Gustafsson wins face-off versus Stefan Ruzicka in Coutelas zone.
16:43 of 2nd period - Wrist shot by Anton Gustafsson.
16:43 of 2nd period - Shot Misses the Net.
17:13 of 2nd period - Off-side.
17:14 of 2nd period - Tanner Richard wins face-off versus Anton Gustafsson in neutral zone.
17:18 of 2nd period - Penalty to Mikhail Grigorenko is over, Mikhail Grigorenko is back on ice.
17:44 of 2nd period - Slapshot by Travis Dermott.
17:44 of 2nd period - Stopped by Joe Cannata without a rebound.
17:45 of 2nd period - Scott Laughton wins face-off versus Juraj Mikus in Coutelas zone.
18:07 of 2nd period - Icing by Josh Morrissey.
18:08 of 2nd period - Scott Laughton wins face-off versus Oliver Bjorkstrand in Carnivores zone.
18:17 of 2nd period - Snap shot by Blake Geoffrion.
18:17 of 2nd period - Shot Misses the Net.
18:19 of 2nd period - Snap shot by Anton Gustafsson.
18:19 of 2nd period - Deflect By Joel Armia.
18:19 of 2nd period - Shot Blocked by Brendan Lemieux.
18:19 of 2nd period - Puck is out of play.
18:20 of 2nd period - Scott Laughton wins face-off versus Craig Cunningham in Coutelas zone.
18:27 of 2nd period - Snap shot by Chris Lawrence.
18:27 of 2nd period - Stopped by Joe Cannata without a rebound.
18:28 of 2nd period - Tanner Richard wins face-off versus Scott Laughton in Coutelas zone.
18:37 of 2nd period - Slapshot by Dustin Kohn.
18:37 of 2nd period - Deflect By Andreas Englund.
18:37 of 2nd period - Stopped by Niklas Svedberg without a rebound.
18:38 of 2nd period - Chris Lawrence wins face-off versus Tanner Richard in Carnivores zone.
18:43 of 2nd period - Snap shot by Scott Laughton.
18:43 of 2nd period - Goal by Scott Laughton - Carnivores : 1 - Coutelas : 2.
18:44 of 2nd period - Scott Laughton wins face-off versus Stefan Ruzicka in neutral zone.
18:56 of 2nd period - Double Minor Penalty to Chris Lawrence for Slashing.
18:57 of 2nd period - Anton Gustafsson wins face-off versus Tanner Richard in Carnivores zone.
19:31 of 2nd period - Wrist shot by Nicolas Deslauriers.
19:31 of 2nd period - Stopped by Joe Cannata with a rebound.
19:37 of 2nd period - Wrist shot by Markus Granlund.
19:37 of 2nd period - Shot Misses the Net.
Goals for this period are 1 for Carnivores vs 0 for Coutelas.
Shots for this period are 6 for Carnivores vs 6 for Coutelas.

3rd period


0:01 of 3rd period - Anton Gustafsson wins face-off versus Tanner Richard in neutral zone.
0:18 of 3rd period - Tanner Richard is hit by Mat Clark and loses puck.
1:08 of 3rd period - Josh Morrissey is hit by Rhett Rakhshani and loses puck.
2:56 of 3rd period - Penalty to Chris Lawrence is over, Chris Lawrence is back on ice.
3:01 of 3rd period - Wrist shot by Mattias Janmark.
3:01 of 3rd period - Shot Misses the Net.
3:48 of 3rd period - Slapshot by T.J Brodie.
3:48 of 3rd period - Deflect By Riley Barber.
3:48 of 3rd period - Shot Misses the Net.
3:48 of 3rd period - Puck is out of play.
3:49 of 3rd period - Lucas Wallmark wins face-off versus Mikhail Grigorenko in Coutelas zone.
4:16 of 3rd period - Scott Laughton is hit by Nick Mattson and loses puck.
4:23 of 3rd period - Teemu Pulkkinen is hit by Nicolas Kerdiles and loses puck.
5:06 of 3rd period - Christian Djoos is hit by Brendan Lemieux and loses puck.
5:31 of 3rd period - Snap shot by Mattias Janmark.
5:31 of 3rd period - Stopped by Niklas Svedberg with a rebound.
6:01 of 3rd period - Minor Penalty to Teemu Pulkkinen for Cross-checking.
6:02 of 3rd period - Craig Cunningham wins face-off versus Scott Laughton in Coutelas zone.
6:11 of 3rd period - Off-side.
6:12 of 3rd period - Chris Lawrence wins face-off versus Stefan Ruzicka in neutral zone.
6:48 of 3rd period - Wrist shot by Nicolas Kerdiles.
6:48 of 3rd period - Shot Misses the Net.
8:01 of 3rd period - Penalty to Teemu Pulkkinen is over, Teemu Pulkkinen is back on ice.
8:19 of 3rd period - Snap shot by Juraj Mikus.
8:19 of 3rd period - Stopped by Niklas Svedberg without a rebound.
8:20 of 3rd period - Markus Granlund wins face-off versus Mike Amadio in Carnivores zone.
8:33 of 3rd period - Slapshot by Mike Amadio.
8:33 of 3rd period - Deflect By Brendan Lemieux.
8:33 of 3rd period - Stopped by Niklas Svedberg without a rebound.
8:34 of 3rd period - Juraj Mikus wins face-off versus Scott Laughton in Carnivores zone.
8:45 of 3rd period - Snap shot by Teemu Pulkkinen.
8:45 of 3rd period - Stopped by Niklas Svedberg without a rebound.
8:46 of 3rd period - Scott Laughton wins face-off versus Tanner Richard in Carnivores zone.
9:16 of 3rd period - Snap shot by Juraj Mikus.
9:16 of 3rd period - Stopped by Niklas Svedberg with a rebound.
9:18 of 3rd period - Snap shot by Ben Harpur.
9:18 of 3rd period - Shot Misses the Net.
9:20 of 3rd period - Wrist shot by Rhett Rakhshani.
9:20 of 3rd period - Stopped by Niklas Svedberg without a rebound.
9:21 of 3rd period - Teemu Pulkkinen wins face-off versus Scott Laughton in Carnivores zone.
9:22 of 3rd period - Wrist shot by Juraj Mikus.
9:22 of 3rd period - Deflect By Teemu Pulkkinen.
9:22 of 3rd period - Shot Hit the Post.
9:22 of 3rd period - Puck is out of play.
9:23 of 3rd period - Nicolas Kerdiles wins face-off versus Juraj Mikus in Carnivores zone.
9:32 of 3rd period - Slapshot by Josh Morrissey.
9:32 of 3rd period - Stopped by Joe Cannata with a rebound.
9:38 of 3rd period - Slapshot by Scott Laughton.
9:38 of 3rd period - Shot Misses the Net.
9:48 of 3rd period - Anton Gustafsson is hit by Craig Cunningham and loses puck.
10:19 of 3rd period - Snap shot by Mikhail Grigorenko.
10:19 of 3rd period - Stopped by Niklas Svedberg without a rebound.
10:20 of 3rd period - Tanner Richard wins face-off versus Scott Laughton in Carnivores zone.
11:08 of 3rd period - Snap shot by Nicolas Deslauriers.
11:08 of 3rd period - Shot Blocked by Patrick Sieloff.
11:10 of 3rd period - Snap shot by Mark McNeill.
11:10 of 3rd period - Shot Misses the Net.
11:12 of 3rd period - Snap shot by Markus Granlund.
11:12 of 3rd period - Deflect By Nicolas Deslauriers.
11:12 of 3rd period - Stopped by Joe Cannata with a rebound.
11:14 of 3rd period - Snap shot by Markus Granlund.
11:14 of 3rd period - Stopped by Joe Cannata without a rebound.
11:15 of 3rd period - Scott Laughton wins face-off versus Craig Cunningham in Coutelas zone.
12:03 of 3rd period - Wrist shot by Craig Cunningham.
12:03 of 3rd period - Stopped by Niklas Svedberg without a rebound.
12:04 of 3rd period - Anton Gustafsson wins face-off versus Juraj Mikus in Carnivores zone.
12:09 of 3rd period - Snap shot by Teemu Pulkkinen.
12:09 of 3rd period - Shot Misses the Net.
12:11 of 3rd period - Snap shot by Juraj Mikus.
12:11 of 3rd period - Deflect By Teemu Pulkkinen.
12:11 of 3rd period - Stopped by Niklas Svedberg without a rebound.
12:12 of 3rd period - Juraj Mikus wins face-off versus Anton Gustafsson in Carnivores zone.
12:15 of 3rd period - Wrist shot by Rhett Rakhshani.
12:15 of 3rd period - Stopped by Niklas Svedberg with a rebound.
12:21 of 3rd period - Wrist shot by Teemu Pulkkinen.
12:21 of 3rd period - Shot Blocked by Andreas Englund.
12:23 of 3rd period - Snap shot by Juraj Mikus.
12:23 of 3rd period - Stopped by Niklas Svedberg without a rebound.
12:24 of 3rd period - Scott Laughton wins face-off versus Juraj Mikus in Carnivores zone.
12:56 of 3rd period - Snap shot by Joel Armia.
12:56 of 3rd period - Shot Misses the Net.
12:58 of 3rd period - Slapshot by Andreas Englund.
12:58 of 3rd period - Stopped by Joe Cannata with a rebound.
13:35 of 3rd period - Off-side.
13:36 of 3rd period - Mikhail Grigorenko wins face-off versus Chris Lawrence in neutral zone.
13:47 of 3rd period - Snap shot by Mattias Janmark.
13:47 of 3rd period - Stopped by Niklas Svedberg with a rebound.
13:53 of 3rd period - Kurtis Gabriel is hit by Chris Lawrence and loses puck.
13:58 of 3rd period - Wrist shot by Scott Laughton.
13:58 of 3rd period - Stopped by Joe Cannata without a rebound.
13:59 of 3rd period - Tanner Richard wins face-off versus Blake Geoffrion in Coutelas zone.
13:59 of 3rd period - Tanner Richard is hit by Joel Armia.
14:11 of 3rd period - Snap shot by Stefan Ruzicka.
14:11 of 3rd period - Shot Hit the Post.
14:13 of 3rd period - Snap shot by Craig Cunningham.
14:13 of 3rd period - Shot Misses the Net.
14:15 of 3rd period - Snap shot by Craig Cunningham.
14:15 of 3rd period - Goal by Craig Cunningham - Carnivores : 1 - Coutelas : 3.
14:16 of 3rd period - Scott Laughton wins face-off versus Tanner Richard in neutral zone.
14:41 of 3rd period - Joel Armia is hit by Juraj Mikus and loses puck.
15:08 of 3rd period - Nicolas Deslauriers is hit by Mike Amadio and loses puck.
15:23 of 3rd period - Snap shot by Hunter Shinkaruk.
15:23 of 3rd period - Stopped by Joe Cannata with a rebound.
15:25 of 3rd period - Slapshot by Mattias Backman.
15:25 of 3rd period - Stopped by Joe Cannata with a rebound.
15:27 of 3rd period - Wrist shot by Lucas Wallmark.
15:27 of 3rd period - Shot Blocked by Ben Harpur.
15:29 of 3rd period - Snap shot by Hunter Shinkaruk.
15:29 of 3rd period - Stopped by Joe Cannata without a rebound.
15:30 of 3rd period - Tanner Richard wins face-off versus Markus Granlund in Coutelas zone.
15:50 of 3rd period - Minor Penalty to Nick Mattson for High sticking.
15:51 of 3rd period - Scott Laughton wins face-off versus Stefan Ruzicka in Coutelas zone.
15:55 of 3rd period - Wrist shot by Blake Geoffrion.
15:55 of 3rd period - Shot Misses the Net.
15:57 of 3rd period - Wrist shot by Chris Lawrence.
15:57 of 3rd period - Shot Misses the Net.
15:59 of 3rd period - Slapshot by Scott Laughton.
15:59 of 3rd period - Goal by Scott Laughton - Carnivores : 2 - Coutelas : 3.
16:00 of 3rd period - Mike Amadio wins face-off versus Markus Granlund in neutral zone.
16:27 of 3rd period - Snap shot by Juraj Mikus.
16:27 of 3rd period - Stopped by Niklas Svedberg with a rebound.
16:29 of 3rd period - Snap shot by Rhett Rakhshani.
16:29 of 3rd period - Deflect By Teemu Pulkkinen.
16:29 of 3rd period - Shot Misses the Net.
16:29 of 3rd period - Puck is out of play.
16:30 of 3rd period - Juraj Mikus wins face-off versus Scott Laughton in Carnivores zone.
16:41 of 3rd period - Snap shot by Scott Laughton.
16:41 of 3rd period - Stopped by Joe Cannata without a rebound.
16:42 of 3rd period - Markus Granlund wins face-off versus Mike Amadio in Coutelas zone.
16:46 of 3rd period - Icing by Ben Harpur.
16:47 of 3rd period - Mike Amadio wins face-off versus Mark McNeill in Coutelas zone.
17:37 of 3rd period - Icing by Tanner Richard.
17:38 of 3rd period - Tanner Richard wins face-off versus Scott Laughton in Coutelas zone.
17:47 of 3rd period - Scott Laughton is hit by Mike Reilly and loses puck.
17:52 of 3rd period - Wrist shot by Stefan Ruzicka.
17:52 of 3rd period - Shot Blocked by T.J Brodie.
18:37 of 3rd period - Snap shot by Stefan Ruzicka.
18:37 of 3rd period - Shot Misses the Net.
18:47 of 3rd period - Snap shot by Stefan Ruzicka.
18:47 of 3rd period - Deflect By Craig Cunningham.
18:47 of 3rd period - Stopped by Niklas Svedberg with a rebound.
18:49 of 3rd period - Slapshot by Stefan Ruzicka.
18:49 of 3rd period - Stopped by Niklas Svedberg with a rebound.
18:51 of 3rd period - Wrist shot by Mike Reilly.
18:51 of 3rd period - Shot Misses the Net.
18:53 of 3rd period - Snap shot by Craig Cunningham.
18:53 of 3rd period - Stopped by Niklas Svedberg with a rebound.
18:55 of 3rd period - Wrist shot by Craig Cunningham.
18:55 of 3rd period - Shot Misses the Net.
18:57 of 3rd period - Slapshot by Stefan Ruzicka.
18:57 of 3rd period - Shot Blocked by T.J Brodie.
18:59 of 3rd period - Wrist shot by Stefan Ruzicka.
18:59 of 3rd period - Stopped by Niklas Svedberg with a rebound.
19:01 of 3rd period - Wrist shot by Tanner Richard.
19:01 of 3rd period - Shot Blocked by Travis Dermott.
19:03 of 3rd period - Wrist shot by Tanner Richard.
19:03 of 3rd period - Stopped by Niklas Svedberg without a rebound.
19:04 of 3rd period - Wayne Gretzky call a timeout for Carnivores.
19:04 of 3rd period - Mike Amadio wins face-off versus Brett Connolly in Carnivores zone.
19:09 of 3rd period - Snap shot by Oliver Bjorkstrand.
19:09 of 3rd period - Shot Misses the Net.
19:20 of 3rd period - Carnivores, Niklas Svedberg is pulled from the net.
19:22 of 3rd period - Snap shot by Markus Granlund.
19:22 of 3rd period - Shot Misses the Net.
19:24 of 3rd period - Wrist shot by Josh Morrissey.
19:24 of 3rd period - Stopped by Joe Cannata with a rebound.
19:26 of 3rd period - Wrist shot by Mat Clark.
19:26 of 3rd period - Stopped by Joe Cannata without a rebound.
19:27 of 3rd period - Brendan Lemieux wins face-off versus Brett Connolly in Coutelas zone.
19:47 of 3rd period - Wrist shot by Blake Geoffrion.
19:47 of 3rd period - Shot Misses the Net.
Goals for this period are 1 for Carnivores vs 1 for Coutelas.
Shots for this period are 12 for Carnivores vs 19 for Coutelas.